 Dungeon Crawl Stone Soup version 0.24.1-5-g77f818bfca (webtiles) character file.

Game seed: 11679197603054819177, levelgen mode: deterministic

406 Peloso the Shield-Bearer (level 6, 53/53 HPs)
             Began as a Gnoll Fighter on Apr 24, 2020.
             Got out of the dungeon alive.
             The game lasted 00:06:05 (2278 turns).

Peloso the Shield-Bearer (Gnoll Fighter)            Turns: 2278, Time: 00:06:05

Health: 53/53      AC: 11    Str: 20    XL:     6   Next: 87%
Magic:  9/9        EV:  7    Int:  6    God:
Gold:   149        SH: 16    Dex: 15    Spells: 9/9 levels left

rFire    . . .     SeeInvis .   a - +0 long sword
rCold    + + .     Gourm    .   c - +0 large shield
rNeg     . . .     Faith    .   m - +2 scale mail {rC+}
rPois    .         Spirit   .   (no helmet)
rElec    .         Reflect  .   (no cloak)
rCorr    .         Harm     .   (no gloves)
MR       .....                  i - +0 pair of boots
Stlth    +.........             j - amulet of the acrobat
HPRegen  0.17/turn              p - ring of protection from cold
MPRegen  0.11/turn              (no ring)

@: no status effects
A: distributed training, fangs 1, talons 1, deterioration 1, dopey 2, strong
nose
a: no special abilities


You escaped.
You were not hungry.

You visited 1 branch of the dungeon, and saw 4 of its levels.

You collected 149 gold pieces.

Inventory:

Hand Weapons
 a - a +0 long sword (weapon)
Armour
 b - a +0 scale mail
 c - a +0 large shield (worn)
 i - a +0 pair of boots (worn)
 m - a +2 scale mail of cold resistance (worn)
Jewellery
 h - an uncursed ring of protection from fire
 j - an amulet of the acrobat (around neck)
 p - a ring of protection from cold (left hand)
Scrolls
 e - 3 scrolls of identify
 g - a scroll of remove curse
 k - 6 scrolls of teleportation
Potions
 d - a potion of might
 l - a potion of flight
Comestibles
 f - 4 rations


   Skills:
 + Level 6.9 Fighting
 + Level 2.1 Short Blades
 + Level 5.0 Long Blades
 + Level 2.1 Axes
 + Level 2.1 Maces & Flails
 + Level 2.1 Polearms
 + Level 2.1 Staves
 + Level 2.1 Slings
 + Level 2.1 Bows
 + Level 2.1 Crossbows
 + Level 2.1 Throwing
 + Level 6.9 Armour
 + Level 2.1 Dodging
 + Level 2.1 Stealth
 + Level 6.9 Shields
 + Level 2.1 Unarmed Combat
 + Level 2.1 Spellcasting
 + Level 1.6 Conjurations
 + Level 1.6 Hexes
 + Level 1.6 Charms
 + Level 1.6 Summonings
 + Level 1.6 Necromancy
 + Level 1.6 Translocations
 + Level 1.6 Transmutations
 + Level 1.6 Fire Magic
 + Level 1.6 Ice Magic
 + Level 1.6 Air Magic
 + Level 1.6 Earth Magic
 + Level 1.6 Poison Magic
 + Level 2.3 Invocations
 + Level 2.1 Evocations


You had 9 spell levels left.
You didn't know any spells.
Your spell library was empty.

Dungeon Overview and Level Annotations

Branches:
Dungeon (4/15)
 Temple: D:4-7

Altars:
Fedhas
Uskayaw
Wu Jian


Innate Abilities, Weirdness & Mutations

Your experience applies equally to all skills.
You have very sharp teeth.
Your uncanny sense of smell can sniff out nearby items.
You have sharp toenails.
Your body sometimes deteriorates upon taking damage.
You are very dopey. (Int -4)


Message History

This raw flesh tastes terrible.
There is a stone staircase leading up here.
You climb upwards.
There is a stone staircase leading down here.
Things that are here:
a +0 club; a +0 dagger You see here 24 bolts.
There is a stone staircase leading up here.
You climb upwards.
There is a stone staircase leading down here.
There is a stone staircase leading up here.
You climb upwards.
There is a stone staircase leading down here.
HP restored.
There is an open door here.
There is a staircase leading out of the dungeon here.
Are you sure you want to leave the Dungeon?
This will make you lose the game!
Alright, then stay!
Are you sure you want to leave the Dungeon?
This will make you lose the game!
You have escaped!

#.#.# #.# #.#..####.#.#.# #.#.#
#.# #.#.........#.. #.#.# #.##
#.#.######..### #.#.#####..#
#.#.........#
#####.#.##...#)####'#.######..#
......#.##...#.#.8#.#########.#
#######.##...#.#..........# #.#
#..'.....#...8..8..8###.##
#########...#.#@.........'....#
#...# #...#.#...8..8..8####.##
#.#.#########.#..........#......
#.#.....# #.#.8#.#######.##.#.
#.#####.# #.######..........#.
##.# #.# #....# ##.####....#.
...#####.## #.##.# #...........
..........# #.#..# ########..##.
########### #.#..# #............


There were no monsters in sight!

Vanquished Creatures
  Edmund (D:4)
  A howler monkey (D:4)
  A centaur skeleton (D:4)
  Terence (D:2)
  A worker ant (D:4)
  Robin (D:4)
  7 adders
  2 oozes
  A worm (D:3)
  2 dart slugs (D:2)
  5 leopard geckos
  An orc (D:4)
  2 giant cockroaches
  18 goblins
  12 hobgoblins
  5 jackals
  A quokka (D:3)
  A ball python (D:1)
  6 bats
  2 frilled lizards
  3 kobolds (D:2)
  7 rats
81 creatures vanquished.

Notes
Turn   | Place    | Note
-------+----------+-------------------------------------------
     0 | D:1      | Peloso the Gnoll Fighter began the quest for the Orb.
     0 | D:1      | Reached XP level 1. HP: 23/23 MP: 1/1
   132 | D:1      | Reached XP level 2. HP: 28/29 MP: 2/2
   614 | D:1      | Reached XP level 3. HP: 35/35 MP: 3/3
   888 | D:2      | Reached skill level 1 in Invocations
   949 | D:2      | Noticed Terence
   974 | D:2      | Killed Terence
   974 | D:2      | Reached skill level 1 in Short Blades
   974 | D:2      | Reached skill level 1 in Axes
   974 | D:2      | Reached skill level 1 in Maces & Flails
   974 | D:2      | Reached skill level 1 in Polearms
   974 | D:2      | Reached skill level 1 in Staves
   974 | D:2      | Reached skill level 1 in Slings
   974 | D:2      | Reached skill level 1 in Bows
   974 | D:2      | Reached skill level 1 in Crossbows
   974 | D:2      | Reached skill level 1 in Throwing
   974 | D:2      | Reached skill level 1 in Dodging
   974 | D:2      | Reached skill level 1 in Stealth
   974 | D:2      | Reached skill level 1 in Unarmed Combat
   974 | D:2      | Reached skill level 1 in Spellcasting
   974 | D:2      | Reached skill level 1 in Evocations
   974 | D:2      | Reached XP level 4. HP: 20/41 MP: 5/5
  1069 | D:2      | Found a blossoming altar of Fedhas.
  1069 | D:2      | Found an ornate altar of the Wu Jian Council.
  1071 | D:2      | Found a hide-covered altar of Uskayaw.
  1265 | D:2      | Reached skill level 1 in Conjurations
  1265 | D:2      | Reached skill level 1 in Hexes
  1265 | D:2      | Reached skill level 1 in Charms
  1265 | D:2      | Reached skill level 1 in Summonings
  1265 | D:2      | Reached skill level 1 in Necromancy
  1265 | D:2      | Reached skill level 1 in Translocations
  1265 | D:2      | Reached skill level 1 in Transmutations
  1265 | D:2      | Reached skill level 1 in Fire Magic
  1265 | D:2      | Reached skill level 1 in Ice Magic
  1265 | D:2      | Reached skill level 1 in Air Magic
  1265 | D:2      | Reached skill level 1 in Earth Magic
  1265 | D:2      | Reached skill level 1 in Poison Magic
  1652 | D:3      | Reached XP level 5. HP: 46/47 MP: 6/6
  2124 | D:4      | Noticed Edmund
  2149 | D:4      | Identified the +0 helmet of the Vestibule of Hell {-Tele
                  | +Fly rN+}
  2149 | D:4      | Noticed Robin
  2151 | D:4      | Killed Edmund
  2151 | D:4      | Reached XP level 6. HP: 23/53 MP: 8/8
  2158 | D:4      | Reached skill level 5 in Long Blades
  2169 | D:4      | Gained mutation: You are dopey. (Int -2) [potion of
                  | mutation]
  2169 | D:4      | Gained mutation: You are very dopey. (Int -4) [potion of
                  | mutation]
  2169 | D:4      | Gained mutation: Your body sometimes deteriorates upon
                  | taking damage. [potion of mutation]
  2169 | D:4      | Gained mutation: You have sharp toenails. [potion of
                  | mutation]
  2176 | D:4      | Killed Robin
  2278 | D:$      | Got out of the dungeon alive.

Levels and vault maps discovered:
D:1:      elethiomel_arrival_quiet, layout_basic
D:2:      wad_pebble_path, layout_basic,
          chequers_temple_overflow_statue_of_worship, first_ration,
          minmay_tromino_v7, uniq_terence
D:3:      kennysheep_the_goblin_king, layout_loops_ring
D:4:      layout_loops_ring, ebering_ghost_inner_flame, serial_glass,
          glass_columns_a, glass_columns_c, uniq_robin, uniq_edmund

Skill      XL: |  1  2  3  4  5  6 |
---------------+-------------------+-----
Invocations    | 1 2 |  2.3
Short Blades   | 1 2 |  2.1
Axes           | 1 2 |  2.1
Maces & Flails | 1 2 |  2.1
Polearms       | 1 2 |  2.1
Staves         | 1 2 |  2.1
Slings         | 1 2 |  2.1
Bows           | 1 2 |  2.1
Crossbows      | 1 2 |  2.1
Throwing       | 1 2 |  2.1
Dodging        | 1 2 |  2.1
Stealth        | 1 2 |  2.1
Unarmed Combat | 1 2 |  2.1
Spellcasting   | 1 2 |  2.1
Evocations     | 1 2 |  2.1
Conjurations   | 1 |  1.6
Hexes          | 1 |  1.6
Charms         | 1 |  1.6
Summonings     | 1 |  1.6
Necromancy     | 1 |  1.6
Translocations | 1 |  1.6
Transmutations | 1 |  1.6
Fire Magic     | 1 |  1.6
Ice Magic      | 1 |  1.6
Air Magic      | 1 |  1.6
Earth Magic    | 1 |  1.6
Poison Magic   | 1 |  1.6
Long Blades    | 5 |  5.0
Fighting       | |  6.9
Armour         | |  6.9
Shields        | |  6.9

Action                   |  1- 3 |  4- 6 || total
-------------------------+-------+-------++-------
Melee: Long sword        |    77 |   130 ||   207
       Bite              |     7 |    19 ||    26
  Use: Potion            |     2 |     5 ||     7
       Scroll            |       |     2 ||     2
  Eat: Chunk             |       |     5 ||     5
Armor: Scale mail        |    28 |    53 ||    81
Dodge: Dodged            |    29 |    39 ||    68
Block: Shield            |    34 |    15 ||    49
       Large shield      |       |    85 ||    85
       Rpst.: Long sword |    12 |    17 ||    29
